 Dungeon Crawl Stone Soup version 0.30-a0-1066-g63dfefce0d (webtiles) character file.

Game seed: 5227164189874643459

26 PimpSugar the Magician (level 3, -6/26 HPs)
             Began as a Djinni Hedge Wizard on Apr 12, 2023.
             Mangled by a worm (9 damage)
             ... on level 2 of the Dungeon.
             The game lasted 00:02:00 (898 turns).

PimpSugar the Magician (Djinni Hedge Wizard)         Turns: 898, Time: 00:02:00

Health: -6/26      AC:  2    Str:  9    XL:     3   Next: 22%
Gold:   56         EV: 12    Int: 17    God:
                   SH:  0    Dex: 12

rFire   + + .      SeeInvis .    g - +0 sling
rCold   x . .      Faith    .    (no shield)
rNeg    . . .      Spirit   .    b - +0 robe
rPois   ∞          Reflect  .    c - +0 hat
rElec   .          Rampage  .    (no cloak)
rCorr   .                        (no gloves)
Will    .....                    (boots unavailable)
Stlth   ++                       (no amulet)
HPRegen 0.24/turn                (no ring)
MPRegen 0.00/turn                (no ring)

@: flying
A: sickness immunity, fire resistance 2, cold vulnerability 1, float, innate
caster, HP casting, extra vitality 1
a: no special abilities


You were on level 2 of the Dungeon.
You visited 1 branch of the dungeon, and saw 2 of its levels.

You collected 56 gold pieces.

Inventory:

Hand Weapons
 a - a +0 dagger
 g - a +0 sling (weapon)
 m - a +0 rapier
Missiles
 f - 5 stones
 h - 8 poisoned darts
Armour
 b - a +0 robe (worn)
 c - a +0 hat (worn)
Jewellery
 e - a ring of flight
Scrolls
 d - 3 scrolls of identify {unknown}
 i - a scroll of blinking {unknown}
 j - a scroll of amnesia {unknown}
 k - a scroll of enchant armour {unknown}
 l - 2 scrolls of teleportation {unknown}


   Skills:
 + Level 0.9 Fighting
 + Level 0.1 Ranged Weapons
 + Level 2.5 Dodging
 + Level 1.9 Stealth
 * Level 2.8 Spellcasting


You knew the following spells:

 Your Spells              Type           Power      Damage    Failure   Level
a - Magic Dart            Conj           44%        1d5       5%          1
b - Call Imp              Summ           22%        N/A       9%          2
c - Mephitic Cloud        Conj/Pois/Air  11%        N/A       17%         3
d - Slow                  Hex            44%        N/A       5%          1
e - Blink                 Tloc           22%        N/A       9%          2
f - Apportation           Tloc           22%        N/A       5%          1
Your spell library was empty.

Dungeon Overview and Level Annotations

Branches:
Dungeon (2/15)

Altars:


Innate Abilities, Weirdness & Mutations

You are immune to sickness and miasma.
You are immune to poison.
Your flesh is very heat resistant. (rF++)
You are vulnerable to cold. (rC-)
You float through the air rather than walking.
You learn spells naturally, not from books.
Your magical power is your life essence.
You have superior vitality. (+4 MHP)


Message History

You see here a +0 scale mail.
You see here a +0 rapier.
You see here a +0 rapier.
m - a +0 rapier
l - 2 scrolls labelled PONEEH WOWO (gained 1)
A worm comes into view.
Found a stone staircase leading down.
Fire: g) +0 sling
Press: ? - help, Q - select action, (/) - cycle Shift-Dir - straight line, f - worm
Aim: a worm (74% to hit)
You shoot a sling bullet. The sling bullet hits the worm.
The worm is moderately wounded.
Casting: Magic Dart (safe; 5% risk of failure)
Confirm with . or Enter, or press ? or * to list all spells.
Aiming: Magic Dart (safe; 5% risk of failure)
Press: ? - help, Shift-Dir - straight line, f/p - worm
Aim: a worm (lightly wounded, 100% to hit)
The magic dart hits the worm.
The worm is moderately wounded.
The worm bites you.
Casting: Magic Dart (safe; 5% risk of failure)
Confirm with . or Enter, or press ? or * to list all spells.
A tiny devil pulls itself out of the air.
Your cerulean imp hits the worm but does no damage.
The worm completely misses you.
Your cerulean imp hits the worm but does no damage.
Your cerulean imp hits the worm from afar with a -2 spear.
You shoot a sling bullet.
The sling bullet barely misses the worm.
The worm bites you!
Your cerulean imp barely misses the worm.
You shoot a sling bullet.
The sling bullet hits the worm but does no damage.
The worm is lightly wounded.
Your cerulean imp hits the worm from afar with a -2 spear.
The worm bites you!
* * * LOW HITPOINT WARNING * * *
Your cerulean imp closely misses the worm.
The worm bites you!
You die...

..........#
..........#
..........#
..........#
..........# ######
..>...5...# #.....
..........# #.####
#w############.####
#.@................
##############.####
#####.### #.......#
#.###.#.# #.#...#.#
#.#.#.#.# #.#.#.#.#
#.#.###.#


You could see a worm (ally target) and a friendly cerulean imp (summoned).

Vanquished Creatures
  An adder (D:2)
  A dart slug (D:2)
  A ball python (D:2)
  5 goblins (D:1)
  A hobgoblin (D:1)
  A kobold (D:2)
  2 bats (D:1)
  A frilled lizard (D:1)
  A rat (D:1)
14 creatures vanquished.

Vanquished Creatures (collateral kills)
  A kobold (D:1)
1 creature vanquished.

Grand Total: 15 creatures vanquished

Notes
Turn   | Place    | Note
-------+----------+-------------------------------------------
     0 | D:1      | PimpSugar the Djinni Hedge Wizard began the quest for the
                  | Orb.
     0 | D:1      | PimpSugar set off with the following spells memorised:
                  | Magic Dart, Slow, Blink, Call Imp, Mephitic Cloud.
     0 | D:1      | Reached XP level 1. HP: 15/15 MP: 0/0
   103 | D:1      | Reached XP level 2. HP: 21/22 MP: 0/0
   660 | D:2      | Reached XP level 3. HP: 22/26 MP: 0/0
   660 | D:2      | Learned a level 1 spell: Apportation
   898 | D:2      | Mangled by a worm

Illustrated notes

Levels and vault maps discovered:
D:1:      lordsloth_arrival_two_stooges, layout_basic
D:2:      layout_basic

Action                     || total
---------------------------++-------
  Melee: Dagger            ||     3
   Fire: Sling             ||    15
   Cast: Magic Dart        ||    16
         Call Imp          ||     3
 Armour: Robe              ||     1
  Dodge: Dodged            ||     9

Table legend: (Time is in decaauts)
 A = Elapsed time spent in this place.
 B = Non-inter-level travel time spent in this place.
 C = Inter-level travel time spent in this place.
 D = Time resting spent in this place.
 E = Time spent auto-exploring this place.
 F = Levels seen in this place.
 G = Mean time per level.
                   A        B        C        D        E       F      G
               +--------+--------+--------+--------+--------+-----+--------+
         Total |    903 |    873 |     30 |      0 |    662 |   2 |  451.5 |
       Dungeon |    903 |    873 |     30 |      0 |    662 |   2 |  451.5 |
               +--------+--------+--------+--------+--------+-----+--------+

Top non-repeatable levels by time:
     D:1: 589 daAuts
     D:2: 313 daAuts
